 Dungeon Crawl Stone Soup version 0.29-a0-284-gf9362112df (webtiles) character file.

Game seed: 14375423565768333126

2369 mistaj the Blocker (level 9, -8/67 (72) HPs)
             Began as a Formicid Fighter on Mar 20, 2022.
             Was a Believer of Okawaru.
             Mangled by a wight
             ... wielding a +6 flail
              (11 damage)
             ... on level 7 of the Dungeon.
             The game lasted 00:14:57 (8669 turns).

mistaj the Blocker (Formicid Fighter)               Turns: 8669, Time: 00:14:58

HP:   -8/67 (72)    AC:  9    Str: 20    XL:     9   Next: 72%
MP:   9/9           EV: 14    Int: 14    God:    Okawaru [**....]
Gold: 394           SH:  5    Dex: 10    Spells: 8/8 levels left

rFire   . . .      SeeInvis +   r - +8 dagger of Deflation {vamp, rCorr Int+3}
rCold   + . .      Faith    .   c - +0 buckler
rNeg    + . .      Spirit   .   x - +1 ring mail of the Grue {rC+ rN+ Str-2 Stlth+}
rPois   +          Reflect  .   (helmet unavailable)
rElec   .          Harm     .   q - +0 cloak
rCorr   +          Rampage  .   (no gloves)
Will    .....                   z - +0 pair of boots
Stlth   +.........              (no amulet)
HPRegen 0.21/turn               s - +4 ring of evasion
MPRegen 0.11/turn               v - ring of poison resistance

@: drained
A: permanent stasis, dig shafts and tunnels, antennae 3, four strong arms
a: Dig, Shaft Self, Renounce Religion, Heroism


You were on level 7 of the Dungeon.
You worshipped Okawaru.
Okawaru was pleased with you.
You visited 1 branch of the dungeon, and saw 7 of its levels.

You collected 394 gold pieces.

Inventory:

Hand Weapons
 a - a +0 war axe
 o - a +1 hand axe of freezing
 r - the +8 dagger of Deflation (weapon) {vamp, rCorr Int+3}
   (You found it on level 4 of the Dungeon)

   It occasionally heals its wielder for a portion of the damage dealt when it
   wounds a living foe.
   Int:       It affects your intelligence (+3).
   rCorr:     It protects you from acid and corrosion.
Missiles
 j - 2 atropa-tipped darts
Armour
 c - a +0 buckler (worn)
 q - a +0 cloak (worn)
 x - the +1 ring mail of the Grue (worn) {rC+ rN+ Str-2 Stlth+}
   (You found it on level 5 of the Dungeon)

   Str:       It affects your strength (-2).
   rC:        It protects you from cold.
   rN:        It protects you from negative energy.
   Stlth:     It makes you more stealthy.
 z - a +0 pair of boots (worn)
Jewellery
 h - a ring of resist corrosion
 s - a +4 ring of evasion (left hand)
 v - a ring of poison resistance (right hand)
 w - a ring of positive energy
Wands
 B - a wand of flame (6)
 D - a wand of polymorph (2)
Scrolls
 b - 2 scrolls of identify {unknown}
 e - 4 scrolls of noise {unknown}
 f - 2 scrolls of teleportation {unknown}
 g - a scroll of brand weapon {unknown}
 i - a scroll of immolation {unknown}
 m - 4 scrolls of fear {unknown}
 p - 2 scrolls of blinking {unknown}
 t - a scroll of torment {unknown}
 y - a scroll of magic mapping {unknown}
Potions
 d - a potion of might
 k - a potion of lignification {unknown}
 l - 2 potions of mutation {unknown}
 n - a potion of heal wounds {unknown}
 u - a potion of brilliance {unknown}
 A - 4 potions of attraction {unknown}
 C - a potion of degeneration {unknown}


   Skills:
 + Level 7.5 Fighting
 * Level 7.9 Short Blades
 - Level 4.0 Axes
 - Level 3.2 Armour
 + Level 8.2 Shields


You had 8 spell levels left.
You didn't know any spells.
Your spell library was empty.

Dungeon Overview and Level Annotations

Branches:
Dungeon (7/15)             Temple (0/1) D:7

Altars:
Elyvilon
Fedhas
Gozag
Okawaru
Qazlal
Ru
Uskayaw
Wu Jian
Xom
Yredelemnul

Annotations:
D:6 2 transporters, fragbeetle's ghost, novice DrTm


Innate Abilities, Weirdness & Mutations

You cannot be hasted, slowed, berserked, paralysed or teleported.
You can dig through walls and to a lower floor.
You have a pair of large antennae on your head. (SInv)
Your four strong arms can wield two-handed weapons with a shield.


Message History

You block the orc wizard's attack.
You hit the orc wizard.
You feel better.
The orc wizard is heavily wounded.
You hit the orc wizard.
You feel better.
The orc wizard is almost dead.
The orc wizard points at you and mumbles some strange words.
The puff of flame hits you.
You closely miss the orc wizard.
The orc wizard is almost dead.
The orc wizard closely misses you.
You barely miss the orc wizard.
The orc wizard is almost dead.
You hit the orc wizard.
You kill the orc wizard!
Okawaru accepts your kill.
Your life force feels restored.
The wight attacks as you move away! The wight hits you with a +0 hand axe.
The wight attacks as you move away! The wight hits you but does no damage.
The orc priest looks satisfied for a moment.
The wight attacks as you move away! The wight barely misses you.
The wight attacks as you move away! The wight closely misses you.
The wight attacks as you move away! The wight hits you with a +6 flail.
There is a stone staircase leading down here.
The wight attacks as you move away! The wight hits you with a +6 flail.
You partially resist.
You feel drained. The wight attacks as you move away!
You block the wight's attack. The wight attacks as you move away!
The wight hits you with a +6 flail!
* * * LOW HITPOINT WARNING * * *
You partially resist.
You feel drained.
* * * LOW HITPOINT WARNING * * *
The wight attacks as you move away! You block the wight's attack.
The wight attacks as you move away! The wight hits you with a +6 flail!
* * * LOW HITPOINT WARNING * * *
There is an open door here.
The wight attacks as you move away! The wight misses you.
The wight attacks as you move away! The wight hits you with a +6 flail!
* * * LOW HITPOINT WARNING * * *
You partially resist.
You feel drained. The wight attacks as you move away!
The wight hits you with a +6 flail!
You die...

........#...Y{{{..Y.#.......##.#
........#....######.#.......##.##
........#....# #.#......[##.##
........#....# #.'........#.##
........#....# ###..#._.#.#.##
###'#####....# #.....)..#.## #.#
#....# #.......##'##
###.#####....#########'#.........
............ +..@zz..z.o.........
.###.####... #.#######.#.........
.###..# #.# #####........ ..###.#
#.# #.....######. ..#
#.########.# #.##....=....
..###..##...##.# #.##.........
..##..#.8.#....# #.##)........
..##...........# #.##.........
..##..8.>.8....# #.##.........


You could see 3 wights and an orc priest.

Vanquished Creatures
  A hornet (D:7)
  A water moccasin (D:7)
  An ice beast (D:6)
  An orc warrior (D:6)
  2 sky beasts
  2 black bears (D:6)
  2 ogres
  2 centaurs (D:7)
  2 bullfrogs (D:6)
  3 scorpions
  A wight (D:7)
  3 hounds
  3 jellies
  5 orc priests
  4 iguanas
  6 orc wizards
  4 gnolls
  8 adders
  A shadow imp (D:7)
  3 white imps
  3 worms
  3 dart slugs
  18 orcs
  4 ball pythons
  5 endoplasms
  3 giant cockroaches
  5 goblins
  6 hobgoblins
  4 quokkas
  12 bats
  A frilled lizard (D:2)
  7 kobolds
  21 rats
147 creatures vanquished.

Notes
Turn   | Place    | Note
-------+----------+-------------------------------------------
     0 | D:1      | mistaj the Formicid Fighter began the quest for the Orb.
     0 | D:1      | Reached XP level 1. HP: 18/18 MP: 1/1
   198 | D:1      | Reached XP level 2. HP: 24/24 MP: 2/2
   298 | D:1      | Found a faded altar of an unknown god.
   484 | D:1      | Reached skill level 4 in Shields
   484 | D:1      | Reached XP level 3. HP: 22/29 MP: 3/3
  1103 | D:2      | Found a hide-covered altar of Uskayaw.
  1501 | D:2      | Reached XP level 4. HP: 13/37 MP: 4/4
  2112 | D:3      | Reached XP level 5. HP: 37/42 MP: 5/5
  2477 | D:3      | Found an iron altar of Okawaru.
  2485 | D:3      | Became a worshipper of Warmaster Okawaru
  2558 | D:3      | Found a stormy altar of Qazlal.
  4030 | D:4      | Identified the +8 dagger of Deflation {vamp, rCorr Int+3}
  4393 | D:4      | Reached skill level 1 in Short Blades
  4611 | D:4      | Reached XP level 6. HP: 49/49 MP: 6/6
  4657 | D:5      | Entered Level 5 of the Dungeon
  4697 | D:5      | Found a shimmering altar of Xom.
  4809 | D:5      | Identified the +1 ring mail of the Grue {rC+ rN+ Str-2
                  | Stlth+}
  4879 | D:5      | Reached skill level 5 in Shields
  5066 | D:5      | Noticed an ogre
  5357 | D:5      | Killed an ogre
  5358 | D:5      | Reached XP level 7. HP: 54/55 MP: 7/7
  5569 | D:5      | Reached skill level 5 in Fighting
  5800 | D:5      | Found an ornate altar of the Wu Jian Council.
  6258 | D:6      | Reached skill level 6 in Shields
  6322 | D:6      | Reached * piety under Okawaru
  6323 | D:6      | Reached XP level 8. HP: 63/63 MP: 8/8
  6341 | D:6      | Found a sacrificial altar of Ru.
  6353 | D:6      | Found a basalt altar of Yredelemnul.
  6480 | D:6      | Reached skill level 5 in Short Blades
  6516 | D:6      | Found a transporter.
  6520 | D:6      | Found a transporter.
  6521 | D:6      | Noticed fragbeetle's ghost (novice DrTm)
  6521 | D:6      | Identified the +5 dire flail of Xom {vorpal, rC+ rN+ Str+3}
  6521 | D:6      | Noticed a two-headed ogre
  6761 | D:6      | Found a white marble altar of Elyvilon.
  6919 | D:7      | Found a staircase to the Ecumenical Temple.
  6978 | D:7      | Reached skill level 7 in Shields
  7031 | D:7      | Found an opulent altar of Gozag.
  7044 | D:7      | Reached XP level 9. HP: 57/71 MP: 9/9
  7513 | D:6      | Reached ** piety under Okawaru
  8117 | D:7      | Found a blossoming altar of Fedhas.
  8202 | D:7      | Noticed a hornet
  8224 | D:7      | Killed a hornet
  8225 | D:7      | Reached skill level 8 in Shields
  8667 | D:7      | HP: 3/69 [wight/+6 flail (11)]
  8669 | D:7      | Mangled by a wight

Illustrated notes

Levels and vault maps discovered:
D:1:      dpeg_arrival_concentric_ovals, layout_rooms,
          ebering_ecumenical_altar_mist, interstate_on_off
D:2:      layout_basic, basic_altar, hangedman_feature_mirror,
          grunt_decor_resistance
D:3:      layout_basic, okawaru_ov_weapons_minmay,
          lemuel_coloured_pillars_altar, grunt_ministairs_2, roderic_lattice_a,
          minmay_strange_pillars
D:4:      layout_basic, serial_bayou_ford_a, minmay_rat_hole
D:5:      layout_basic, kennysheep_mini_moat, xom_teletrap_fun
D:6:      layout_basic, kennysheep_ying_yang, hangedman_ru_absence,
          gammafunk_ghost_smash
D:7:      layout_basic, fedhas_ov_isle_minmay, mainiacjoe_overflow_tiny_flanked,
          minmay_temple_entry_statues_pillars, minmay_between

Skill      XL: |  1  2  3  4  5  6  7  8  9 |
---------------+----------------------------+-----
Shields        | 4 5 6 7 8 |  8.2
Axes           | 3 4 |  4.0
Fighting       | 4 5 6 7 |  7.5
Short Blades   | 1 2 4 6 7 |  7.9
Armour         | |  3.2

Action                   |  1- 3 |  4- 6 |  7- 9 || total
-------------------------+-------+-------+-------++-------
Melee: War axe           |   116 |    46 |       ||   162
       Hand axe          |       |    50 |       ||    50
       Dagger            |       |    75 |   296 ||   371
 Stab: Sleeping          |       |     1 |       ||     1
Armor: Scale mail        |    35 |       |       ||    35
       Chain mail        |    28 |    59 |       ||    87
       Ring mail         |       |     1 |    76 ||    77
Dodge: Dodged            |    45 |    46 |   161 ||   252
Block: Buckler           |    23 |    33 |    73 ||   129

Table legend: (Time is in decaauts)
 A = Elapsed time spent in this place.
 B = Non-inter-level travel time spent in this place.
 C = Inter-level travel time spent in this place.
 D = Time resting spent in this place.
 E = Time spent auto-exploring this place.
 F = Levels seen in this place.
 G = Mean time per level.
                   A        B        C        D        E       F      G
               +--------+--------+--------+--------+--------+-----+--------+
         Total |   8681 |   8513 |    168 |   3170 |   3407 |   7 | 1240.1 |
       Dungeon |   8681 |   8513 |    168 |   3170 |   3407 |   7 | 1240.1 |
               +--------+--------+--------+--------+--------+-----+--------+

Top non-repeatable levels by time:
     D:6: 1783 daAuts
     D:2: 1619 daAuts
     D:3: 1499 daAuts
     D:4: 1158 daAuts
     D:7: 983 daAuts
     D:5: 911 daAuts
     D:1: 726 daAuts
